 Dungeon Crawl Stone Soup version 0.24.0 (webtiles) character file.

Game seed: 2681831166997949950, levelgen mode: deterministic

767 Buxparty the Covered (level 7, -2/44 HPs)
             Began as a Gargoyle Fighter on Mar 21, 2020.
             Was a Follower of Qazlal.
             Killed from afar by Dowan (16 damage)
             ... with a shard of ice
             ... on level 4 of the Dungeon.
             The game lasted 00:12:32 (4273 turns).

Buxparty the Covered (Gargoyle Fighter)             Turns: 4273, Time: 00:12:33

Health: -2/44      AC: 19    Str: 27    XL:     7   Next: 82%
Magic:  7/7        EV:  8    Int:  8    God:    Qazlal [*.....]
Gold:   270        SH: 12    Dex:  9    Spells: 6/6 levels left

rFire    . . .     SeeInvis .   a - +0 long sword
rCold    . . .     Gourm    .   c - +0 shield
rNeg     + . .     Faith    .   b - +0 scale mail
rPois    ∞         Spirit   .   l - +1 hat
rElec    +         Reflect  .   (no cloak)
rCorr    .         Harm     .   (no gloves)
MR       .....                  (no boots)
Stlth    ..........             (no amulet)
HPRegen  0.14/turn              k - +6 ring of protection
MPRegen  0.10/turn              (no ring)

@: mighty, glowing
A: negative energy resistance 1, electricity resistance, unbreathing,
petrification resistance, rot immunity, AC +4
a: Renounce Religion


You were on level 4 of the Dungeon.
You worshipped Qazlal.
Qazlal was aware of your devotion.
You were not hungry.

You visited 1 branch of the dungeon, and saw 4 of its levels.

You collected 270 gold pieces.

Inventory:

Hand Weapons
 a - a +0 long sword (weapon)
Armour
 b - a +0 scale mail (worn)
 c - a +0 shield (worn)
 l - a +1 hat (worn)
Jewellery
 k - a +6 ring of protection (left hand)
Wands
 u - a wand of polymorph (10)
Scrolls
 e - a scroll of remove curse {unknown}
 g - 2 scrolls of magic mapping {unknown}
 i - a scroll of fear {unknown}
 j - 3 scrolls of identify {unknown}
 n - 3 scrolls of blinking {unknown}
 o - a scroll of enchant armour {unknown}
 p - a scroll of amnesia {unknown}
 q - a scroll of noise {unknown}
 s - a scroll of teleportation {unknown}
 w - a scroll of enchant weapon {unknown}
Potions
 d - a potion of might
 h - a potion of haste
 m - 3 potions of curing
 r - a potion of flight {unknown}
 t - a potion of degeneration {unknown}
Comestibles
 f - 11 rations
 v - 5 chunks of flesh


   Skills:
 + Level 5.2 Fighting
 * Level 5.1 Long Blades
 + Level 5.2 Armour
 + Level 5.2 Shields


You had 6 spell levels left.
You didn't know any spells.
Your spell library contained the following spells:

 Spells                   Type           Power        Failure   Level  Hunger
 Beastly Appendage        Tmut           #.....       97%         1    ##.....
 Sticks to Snakes         Tmut           #.......     99%         2    ###....
 Spider Form              Tmut/Pois      #.........   100%        3    ####...
 Ice Form                 Ice/Tmut       #.......     100%        4    #####..
 Blade Hands              Tmut           #.........   100%        5    ######.


Dungeon Overview and Level Annotations

Branches:
Dungeon (4/15)
 Temple: D:4-7

Altars:
Fedhas
Gozag
Nemelex Xobeh
Qazlal

Annotations:
D:4 Dowan


Innate Abilities, Weirdness & Mutations

You are resistant to torment.
Your stone body is resilient. (AC +4)
You are immune to poison.
You resist negative energy. (rN+)
You are resistant to electric shocks. (rElec)
You can survive without breathing.
You are immune to petrification.
You are immune to rotting.


Message History

You closely miss Dowan. You block Dowan's attack.
Dowan hits you but does no damage.
You hit Dowan.
Dowan is lightly wounded.
Dowan points at you and mumbles some strange words.
The shard of ice hits you!! Dowan hits you but does no damage.
You slash Dowan!
Dowan is heavily wounded.
Dowan hits you but does no damage. Dowan casts a spell at you.
The shard of ice hits you!
* * * LOW HITPOINT WARNING * * *
It was a potion of curing.
You feel better. You block Dowan's attack. x2
You feel very mighty all of a sudden. You block Dowan's attack.
You closely miss Dowan.
Dowan is heavily wounded.
Dowan gestures at you while chanting. The shard of ice hits you!
You die...

###.####### #.. #.##.
#. #.## ##. #.#.. ##
#..## . #...#####.
##..## . #........
##..## #..#...####
##..###### #.....###
##......#####
##......##
####....e..#
#....#.....
####@##.....####.....
#)# ............. #.#
#########..>
#..........# #...
#..........# ####
#..........#
#..........#
#..........#
#..........#


You could see Dowan.

Vanquished Creatures
  Duvessa (D:4)
  2 phantoms
  A big kobold (D:3)
  2 orc priests
  An orc wizard (D:4)
  An iguana (D:3)
  Jessica (D:2)
  Ijyb (D:4)
  3 worker ants
  Robin (D:4)
  7 adders
  3 oozes
  An adder skeleton (D:4)
  3 leopard geckos
  8 orcs
  9 bats
  3 giant cockroaches
  7 hobgoblins
  A jackal (D:1)
  3 quokkas
  10 frilled lizards
  18 goblins
  6 kobolds
  7 rats
100 creatures vanquished.

Notes
Turn   | Place    | Note
-------+----------+-------------------------------------------
     0 | D:1      | Buxparty the Gargoyle Fighter began the quest for the Orb.
     0 | D:1      | Reached XP level 1. HP: 14/14 MP: 1/1
   306 | D:1      | Reached XP level 2. HP: 15/19 MP: 2/2
   739 | D:1      | Reached XP level 3. HP: 23/23 MP: 3/3
  1301 | D:2      | Noticed Jessica
  1301 | D:2      | Noticed a phantom
  1318 | D:2      | Killed Jessica
  1318 | D:2      | Reached XP level 4. HP: 29/29 MP: 4/4
  1942 | D:2      | Killed a phantom
  1942 | D:2      | Reached XP level 5. HP: 26/33 MP: 5/5
  2065 | D:2      | Found a sparkling altar of Nemelex Xobeh.
  2086 | D:2      | Found a stormy altar of Qazlal.
  2195 | D:2      | Became a worshipper of Qazlal Stormbringer
  2732 | D:3      | Reached XP level 6. HP: 32/38 MP: 6/6
  2919 | D:3      | Found a blossoming altar of Fedhas.
  3054 | D:3      | Found an opulent altar of Gozag.
  3770 | D:3      | Reached * piety under Qazlal
  3813 | D:4      | Noticed Ijyb
  3832 | D:4      | Killed Ijyb
  3901 | D:4      | Reached XP level 7. HP: 44/44 MP: 7/7
  4097 | D:4      | Noticed Robin
  4109 | D:4      | Reached skill level 5 in Fighting
  4153 | D:3      | Reached skill level 5 in Shields
  4167 | D:4      | Reached skill level 5 in Armour
  4194 | D:4      | Killed Robin
  4242 | D:4      | Noticed Duvessa
  4244 | D:4      | Noticed Dowan
  4266 | D:4      | Killed Duvessa
  4266 | D:4      | Reached skill level 5 in Long Blades
  4273 | D:4      | Killed from afar by Dowan

Levels and vault maps discovered:
D:1:      scummos_arrival_forest, layout_basic, feat_on_display
D:2:      layout_basic, grunt_qazlal_clouds, nemelex_xobeh_ov_fountains_minmay,
          serial_forest, infiniplex_forest_straight_3,
          infiniplex_forest_straight_2, infiniplex_forest_clump_long,
          infiniplex_forest_clump_tiny, infiniplex_forest_lined_1,
          infiniplex_forest_lined_ring, infiniplex_forest_lined_corner,
          infiniplex_forest_end_2, infiniplex_forest_lined_1,
          infiniplex_forest_zigzag_1, hangedman_feature_mirror, uniq_jessica
D:3:      layout_loops_cross, lemuel_round_altar, old_standard_altar,
          first_ration
D:4:      layout_rooms, regret_index_temple_of_mockery, minitemple,
          uniq_duvessa, uniq_robin, uniq_ijyb
